 Dungeon Crawl Stone Soup version 0.25-a0-424-g80bd347ae0 (webtiles) character file.

Game seed: 3806318829167636486, levelgen mode: deterministic

113 LSt the Changer (level 4, 0/42 HPs)
             Began as an Octopode Transmuter on Jan 23, 2020.
             Succumbed to a killer bee's poison
             ... on level 3 of the Dungeon.
             The game lasted 00:26:22 (3592 turns).

LSt the Changer (Octopode Transmuter)               Turns: 3592, Time: 00:26:22

Health: 0/42       AC: 22    Str: 10    XL:     4   Next: 96%
Magic:  0/7        EV:  2    Int: 17    God:
Gold:   94         SH:  0    Dex: 12    Spells: 1/7 levels left

rFire    . . .     SeeInvis .     - Unarmed
rCold    . . .     Gourm    .   (no shield)
rNeg     + + +     Faith    .   (helmet currently unavailable)
rPois    +         Spirit   .   (no amulet)
rElec    .         Reflect  .   (no ring)
rCorr    .         Harm     .   (no ring)
MR       .....     NoTele   +   (no ring)
Stlth    +.........             (no ring)
HPRegen  0.14/turn              (no ring)
MPRegen  0.10/turn              (no ring)
                                (no ring)
                                (no ring)

@: lethally poisoned (0 -> -5), tree-form, very slightly contaminated
A: almost no armour, stealthy swim, (amphibious), 8 rings, (constrict 8), clever
1
a: no special abilities


You were on level 3 of the Dungeon.
You were not hungry.
You were a tree.
You visited 1 branch of the dungeon, and saw 3 of its levels.

You collected 94 gold pieces.

Inventory:

Hand Weapons
 d - a +0 mace
 g - a +0 hunting sling
 i - a cursed -2 hunting sling
 m - a +0 short sword
 A - a +0 falchion
Missiles
 a - 56 arrows
 b - 60 stones (quivered)
 z - 20 bolts
 B - 13 poisoned darts
Jewellery
 h - an uncursed ring of positive energy {unknown}
 q - an uncursed amulet of the gourmand {unknown}
 r - an uncursed ring of magical power {unknown}
 s - an uncursed ring of resist corrosion {unknown}
 u - a +4 ring of evasion {unknown}
 y - an uncursed ring of protection from fire {unknown}
Scrolls
 j - a scroll of noise {unknown}
 n - a scroll of blinking {unknown}
 p - a scroll of magic mapping {unknown}
 t - a scroll of teleportation {unknown}
 v - a scroll of amnesia {unknown}
 C - a scroll of identify {unknown}
Potions
 l - a potion of heal wounds {unknown}
 o - a potion of might {unknown}
 w - a potion of haste {unknown}
 x - a potion of degeneration {unknown}
Comestibles
 c - 9 rations


   Skills:
 - Level 1.0 Fighting
 - Level 2.0 Dodging
 + Level 3.6 Unarmed Combat
 - Level 2.0 Spellcasting
 - Level 4.0 Transmutations
 - Level 2.1 Poison Magic


You had one spell level left.
You knew the following spells:

 Your Spells              Type           Power        Failure   Level  Hunger
a - Beastly Appendage     Tmut           ###...       3%          1    #......
b - Sticks to Snakes      Tmut           ###.....     5%          2    ###....
c - Spider Form           Tmut/Pois      ##........   16%         3    ###....

Your spell library contained the following spells:

 Spells                   Type           Power        Failure   Level  Hunger
 Ice Form                 Ice/Tmut       #.......     63%         4    #####..
 Blade Hands              Tmut           ###.......   71%         5    ######.


Dungeon Overview and Level Annotations

Branches:
Dungeon (3/15)

Altars:
Elyvilon
Okawaru
Yredelemnul
Zin


Innate Abilities, Weirdness & Mutations

You cannot wear most types of armour.
You are very stealthy in the water. (Stealth+)
((You are amphibious.))
You can wear up to eight rings at the same time.
((You can use your tentacles to constrict eight enemies at once.))
((Your skin changes colour to match your surroundings (Stealth+).))
((Your rubbery body absorbs attacks. (AC +1, EV +1)))
((You can translocate small distances at will.))
Your mind is acute. (Int +2)


Message History

The killer bee barely misses your adder.
The killer bee stings you!
* * * LOW HITPOINT WARNING * * *
You are lethally poisoned!
The killer bee poisons you!
Your adder completely misses the killer bee.
The killer bee misses your adder.
It was a potion of lignification.
Your tentacle spike disappears.
You turn into a tree.
Your roots penetrate the ground.
* * * LOW HITPOINT WARNING * * *
You feel sick.
The killer bee stings you but does no damage.
The killer bee stings your adder!
Your adder misses the killer bee.
The killer bee stings you but does no damage.
The killer bee barely misses your adder.
Your adder misses the killer bee.
It was a potion of mutation.
You feel extremely strange.
You feel clever.
You feel jittery.
You die...

######## #.#.###.#.
#......###.#.# #.#.
#..........#.###.#. ##########
#..........#...#... .......(.#
#.........####.###. .....?...#
#..............#.#. .........#
####'#....###..#.#.
.........######.#.........#.#.
r.........yyy♣................
.........yS####.#.........#...
................#.#########.##
###..###...###..#.# #.....
..#. ##### #....# #.#.#. ..#
#.##.# #.#.#.
#.##.#######.#...
#.............###
###.......#####


You could see 4 killer bees and a friendly adder.

Vanquished Creatures
  Robin (D:2)
  3 adders
  An ooze (D:1)
  2 dart slugs
  2 leopard geckos
  5 orcs (D:3)
  A ball python (D:1)
  2 giant cockroaches
  11 goblins
  3 hobgoblins
  7 jackals
  5 kobolds
  9 bats
  4 frilled lizards
  5 rats
61 creatures vanquished.

Vanquished Creatures (collateral kills)
  A goblin (D:2)
1 creature vanquished.

Grand Total: 62 creatures vanquished

Notes
Turn   | Place    | Note
-------+----------+-------------------------------------------
     0 | D:1      | LSt the Octopode Transmuter began the quest for the Orb.
     0 | D:1      | Reached XP level 1. HP: 13/13 MP: 3/3
   171 | D:1      | Reached XP level 2. HP: 18/18 MP: 3/5
   195 | D:1      | Learned a level 2 spell: Sticks to Snakes
   391 | D:1      | Reached skill level 3 in Transmutations
  1030 | D:1      | Reached XP level 3. HP: 23/23 MP: 4/6
  1247 | D:1      | Learned a level 3 spell: Spider Form
  1510 | D:2      | Found an iron altar of Okawaru.
  1544 | D:2      | Reached skill level 1 in Poison Magic
  1698 | D:2      | Found a glowing silver altar of Zin.
  1717 | D:2      | Noticed Robin
  1732 | D:2      | HP: 1/23 [goblin/+0 club[Robin] (7)]
  2162 | D:2      | Found a white marble altar of Elyvilon.
  2202 | D:2      | Found a white marble altar of Elyvilon.
  2250 | D:2      | Found a basalt altar of Yredelemnul.
  2348 | D:2      | Reached XP level 4. HP: 22/28 MP: 7/7
  2557 | D:3      | Reached skill level 4 in Transmutations
  3152 | D:2      | Killed Robin
  3590 | D:3      | HP: 1/28 [killer bee (7)]
  3592 | D:3      | Gained mutation: Your mind is acute. (Int +2) [potion of
                  | mutation]
  3592 | D:3      | Gained mutation: You can translocate small distances at
                  | will. [potion of mutation]
  3592 | D:3      | Succumbed to a killer bee's poison

Levels and vault maps discovered:
D:1:      dpeg_arrival_shrine, layout_basic
D:2:      layout_basic, yredelemnul_altar_generic, grunt_temple_overflow_open,
          lemuel_statue_altar, uniq_robin
D:3:      layout_basic, minitemple, first_ration, kennysheep_path_1

Skill      XL: |  1  2  3  4 |
---------------+-------------+-----
Transmutations | 3 4 |  4.0
Poison Magic   | 1 2 |  2.1
Fighting       | |  1.0
Dodging        | |  2.0
Unarmed Combat | |  3.6
Spellcasting   | |  2.0

Action                   |  1- 3 |  4- 6 || total
-------------------------+-------+-------++-------
Melee: Unarmed           |    84 |    45 ||   129
       Constrict         |    29 |    11 ||    40
       Tentacles         |    10 |     4 ||    14
       Kick              |    16 |     4 ||    20
       Punch             |     1 |       ||     1
Throw: Stone             |    50 |    24 ||    74
 Cast: Beastly Appendage |    27 |    12 ||    39
       Sticks to Snakes  |     1 |     2 ||     3
       Spider Form       |       |     3 ||     3
  Use: Potion            |       |     3 ||     3
 Stab: Sleeping          |     1 |     1 ||     2
  Eat: Chunk             |     5 |     5 ||    10
Armor: Skin              |     4 |     8 ||    12
Dodge: Dodged            |    59 |    19 ||    78

Table legend:
 A = Non-vault XP
 B = Vault XP
 C = Vault XP percentage of total XP
 D = Non-vault monster count
 E = Vault monster count
 F = Vault count percentage of total count
                 A         B        C        D         E       F
            +---------+---------+-------+---------+---------+-------
      Total |     128 |      34 |  21.0 |      50 |      12 |  19.4
            +---------+---------+-------+---------+---------+-------
        D:1 |      44 |       0 |   0.0 |      24 |       0 |   0.0
        D:2 |      29 |      34 |  54.0 |      10 |      12 |  54.5
        D:3 |      55 |       0 |   0.0 |      16 |       0 |   0.0
            +---------+---------+-------+---------+---------+-------
